 Dungeon Crawl Stone Soup version 0.30-a0-373-gd37427bb62 (webtiles) character file.

Game seed: 10731197945294586852

197 qeuew the Conjurer (level 5, -6/29 HPs)
             Began as a Tengu Conjurer on Nov 23, 2022.
             Mangled by an ogre
             ... wielding a +0 giant club
              (35 damage)
             ... on level 4 of the Dungeon.
             The game lasted 00:05:48 (3046 turns).

qeuew the Conjurer (Tengu Conjurer)                 Turns: 3046, Time: 00:05:48

Health: -6/29      AC:  4    Str:  9      XL:     5   Next: 75%
Magic:  8/10       EV: 14    Int: 16 (18) God:
Gold:   169        SH:  0    Dex: 13      Spells: 4/10 levels left

rFire   . . .      SeeInvis .    c - +0 hand axe
rCold   . . .      Faith    .    (no shield)
rNeg    . . .      Spirit   .    l - +0 leather armour
rPois   .          Reflect  .    (helmet restricted)
rElec   .          Harm     .    (no cloak)
rCorr   .          Rampage  .    f - +0 pair of gloves
Will    .....                    (boots unavailable)
Stlth   ++........               (no amulet)
HPRegen 0.24/turn                (no ring)
MPRegen 0.12/turn                (no ring)

@: flying quickly and evasively, quick
A: beak, talons 3, nimble flight
a: no special abilities


You were on level 4 of the Dungeon.
You visited 1 branch of the dungeon, and saw 4 of its levels.

You collected 169 gold pieces.

Inventory:

Hand Weapons
 c - a +0 hand axe (weapon)
Armour
 f - a +0 pair of gloves (worn)
 l - a +0 leather armour (worn)
Scrolls
 a - a scroll of summoning
 d - 2 scrolls of butterflies
Potions
 e - a potion of might
 g - 2 potions of heal wounds
 h - a potion of brilliance {unknown}


   Skills:
 + Level 1.5 Fighting
 + Level 1.1 Axes
 + Level 1.7 Armour
 * Level 3.5 Dodging
 - Level 2.0 Stealth
 * Level 3.0 Spellcasting
 * Level 6.4 Conjurations


You had 4 spell levels left.
You knew the following spells:

 Your Spells              Type           Power      Damage    Failure   Level
a - Magic Dart            Conj           88%        1d7       1%          1
b - Searing Ray           Conj           44%        2d6       2%          2
c - Dazzling Flash        Conj/Hex       24%        N/A       21%         3

Your spell library contained the following spells:

 Spells                   Type           Power      Damage    Failure   Level
 Mephitic Cloud           Conj/Pois/Air  9%         N/A       32%         3
 Cigotuvi's Dreadful Rot  Necr/Pois/Air  4%         N/A       36%         2
 Poisonous Vapours        Pois/Air       4%         N/A       36%         2
 Fulminant Prism          Conj/Hex       6%         3d6       56%         4
 Iskenderun's Mystic Bla  Conj/Tloc      12%        2d5       56%         4


Dungeon Overview and Level Annotations

Branches:
Dungeon (4/15)
 Temple: D:4-7

Altars:

Shops:
D:2 (

Annotations:
D:4 Eustachio


Innate Abilities, Weirdness & Mutations

You have a beak for a mouth.
You have claws for feet.
Your magical nature lets you fly swiftly and evasively.


Message History

An ogre comes into view. It is wielding a +0 giant club.
The magic dart hits the quokka.
You kill the quokka!
The ogre shouts!
Eustachio mumbles some strange words.
The magic dart hits Eustachio.
Eustachio is moderately wounded.
The endoplasm jiggles.
Aiming: Searing Ray (safe; 2% risk of failure)
Press: ? - help, Q - select action, (/) - cycle Shift-Dir - straight line, f/p - Eustachio
Aim: Eustachio, wielding a +1 falchion of freezing and wearing a +1 leather armour of cold resistance (moderately wounded, 69% to hit)
The searing ray hits Eustachio!
Eustachio is moderately wounded. (Press . to maintain the ray.)
An iguana comes into view.
The searing ray hits Eustachio.
Eustachio is heavily wounded.
The searing ray hits the ogre.
The ogre is lightly wounded.
The iguana hisses angrily.
The searing ray hits Eustachio!
Eustachio is severely wounded.
The searing ray hits the ogre.
The ogre is moderately wounded.
The searing ray hits the endoplasm!
You kill the endoplasm!
Eustachio casts a spell.
Eustachio blinks!
Magic courses through your body.
Aiming: Searing Ray (safe; 2% risk of failure)
Press: ? - help, Q - select action, (/) - cycle Shift-Dir - straight line, f - ogre, p - Eustachio
Aim: an ogre, wielding a +0 giant club (moderately wounded, 89% to hit)
The searing ray hits the ogre.
The ogre is heavily wounded.
The searing ray hits the iguana!
The iguana is heavily wounded. (Press . to maintain the ray.)
The ogre hits you with a +0 giant club!!
Ouch! That really hurt!
You die...

##.###########........
#............'........
#..###########........
#..# #.'........ #..#
#.#........ ##..####
#.####.#### .......#
#.####.# .......#
#....#.# .......#
####@# ##..#### #O#
#...# #ยง# ##..# #.#
..# #l# ..# #@# ... ##
$.. ..


You could see Eustachio, an ogre and an iguana.

Vanquished Creatures
  An ogre (D:4)
  3 gnolls (D:4)
  3 adders
  A worm (D:3)
  A dart slug (D:2)
  A ball python (D:2)
  6 bats
  5 endoplasms
  A giant cockroach (D:3)
  3 hobgoblins
  6 jackals
  3 quokkas
  4 frilled lizards
  5 goblins
  4 kobolds
  3 rats
50 creatures vanquished.

Notes
Turn   | Place    | Note
-------+----------+-------------------------------------------
     0 | D:1      | qeuew the Tengu Conjurer began the quest for the Orb.
     0 | D:1      | Reached XP level 1. HP: 10/10 MP: 4/4
   369 | D:1      | Reached XP level 2. HP: 15/15 MP: 4/6
   767 | D:1      | Learned a level 2 spell: Searing Ray
   878 | D:2      | Found Beyral's Weapon Boutique.
   947 | D:2      | Reached XP level 3. HP: 18/20 MP: 1/7
  1246 | D:2      | Found a faded altar of an unknown god.
  1482 | D:2      | Learned a level 3 spell: Dazzling Flash
  1537 | D:3      | Reached skill level 1 in Armour
  2023 | D:3      | Reached skill level 1 in Fighting
  2023 | D:3      | Reached XP level 4. HP: 25/25 MP: 2/8
  2641 | D:4      | Reached skill level 6 in Conjurations
  2771 | D:4      | Noticed an ogre
  2782 | D:4      | Killed an ogre
  2783 | D:4      | Reached skill level 1 in Axes
  2783 | D:4      | Gained mutation: Your magical nature lets you fly swiftly
                  | and evasively. [Tengu growth]
  2783 | D:4      | Reached XP level 5. HP: 29/29 MP: 4/10
  3036 | D:4      | Noticed Eustachio
  3039 | D:4      | Noticed an ogre
  3046 | D:4      | Mangled by an ogre

Illustrated notes

Levels and vault maps discovered:
D:1:      evilmike_arrival_fibonacci_small, layout_loops_ring
D:2:      layout_basic, serial_shops, nicolae_shop_statue_plus,
          shapermc_ecumenical_altar_acropolis, nrook_campfire,
          serial_park_tiny_1, hangedman_decor_points
D:3:      layout_rooms, minmay_crystal_room, amethyst_killhole, glass_columns_a,
          kennysheep_flooded_box
D:4:      layout_basic, uniq_eustachio

Skill      XL: |  1  2  3  4 |
---------------+-------------+-----
Armour         | 1 |  1.7
Fighting       | 1 |  1.5
Dodging        | 3 |  3.5
Conjurations   | 6 |  6.4
Axes           | 1 |  1.1
Spellcasting   | 3 |  3.0
Stealth        | |  2.0

Action                   |  1- 3 |  4- 6 || total
-------------------------+-------+-------++-------
Melee: Hand axe          |     7 |       ||     7
       Peck              |     2 |       ||     2
       Kick              |     1 |       ||     1
Throw: Throwing net      |       |     1 ||     1
 Cast: Magic Dart        |    66 |    24 ||    90
       Searing Ray       |       |     5 ||     5
  Use: Scroll            |     5 |     1 ||     6
       Potion            |     2 |     2 ||     4
Armor: Robe              |     4 |       ||     4
Dodge: Dodged            |    11 |     3 ||    14

Table legend: (Time is in decaauts)
 A = Elapsed time spent in this place.
 B = Non-inter-level travel time spent in this place.
 C = Inter-level travel time spent in this place.
 D = Time resting spent in this place.
 E = Time spent auto-exploring this place.
 F = Levels seen in this place.
 G = Mean time per level.
                   A        B        C        D        E       F      G
               +--------+--------+--------+--------+--------+-----+--------+
         Total |   3042 |   2919 |    123 |     21 |   2615 |   4 |  760.5 |
       Dungeon |   3042 |   2919 |    123 |     21 |   2615 |   4 |  760.5 |
               +--------+--------+--------+--------+--------+-----+--------+

Top non-repeatable levels by time:
     D:2: 1009 daAuts
     D:1: 798 daAuts
     D:3: 776 daAuts
     D:4: 459 daAuts
